 Dungeon Crawl Stone Soup version 0.29-a0-321-gf1c400731a (webtiles) character file.

Game seed: 14426898024162350864

167 Murumi the Skirmisher (level 5, -3/49 HPs)
             Began as a Gargoyle Fighter on Apr 3, 2022.
             Splashed by a jelly's acid (5 damage)
             ... on level 3 of the Dungeon.
             The game lasted 00:10:22 (2893 turns).

Murumi the Skirmisher (Gargoyle Fighter)            Turns: 2893, Time: 00:10:23

Health: -3/49      AC: 10    Str: 21    XL:     5   Next: 48%
Magic:  14/14      EV:  2    Int:  9    God:
Gold:   25         SH:  4    Dex:  9    Spells: 4/4 levels left

rFire   . . .      SeeInvis .   a - +0 flail
rCold   . . .      Faith    .   c - +0 buckler
rNeg    + . .      Spirit   .   (body armour currently unavailable)
rPois   ∞          Reflect  .   (helmet currently unavailable)
rElec   .          Harm     .   (cloak currently unavailable)
rCorr   .          Rampage  .   (gloves currently unavailable)
Will    .....      NoTele   +   (boots currently unavailable)
Stlth   +.........              (no amulet)
HPRegen 0.16/turn               g - ring of magical power
MPRegen 0.14/turn               (no ring)

@: mighty, tree-form, corroded
A: stationary, stasis, torment immunity, boosted hp, sickness immunity, AC +4,
negative energy resistance 1, (electricity resistance), torment resistance 1,
petrification resistance
a: no special abilities


You were on level 3 of the Dungeon.
You were a tree.
You visited 1 branch of the dungeon, and saw 3 of its levels.

You collected 81 gold pieces.
You spent 56 gold pieces at shops.

Inventory:

Hand Weapons
 a - a +0 flail (weapon)
Armour
 b - a +0 scale mail (melded)
 c - a +0 buckler (worn)
 i - a +2 cloak (melded)
Jewellery
 g - a ring of magical power (left branch)
 k - a +6 ring of strength
Wands
 m - a wand of iceblast (4)
Scrolls
 h - 2 scrolls of teleportation
Potions
 d - a potion of might
 f - a potion of lignification
 j - a potion of cancellation
 l - a potion of magic {unknown}
 n - a potion of attraction {unknown}
 o - a potion of curing {unknown}


   Skills:
 - Level 4.0 Fighting
 - Level 4.0 Maces & Flails
 - Level 4.0 Armour
 - Level 1.0 Dodging
 + Level 3.5 Shields
 - Level 1.0 Evocations


You had 4 spell levels left.
You didn't know any spells.
Your spell library was empty.

Dungeon Overview and Level Annotations

Branches:
Dungeon (3/15)

Altars:

Shops:
D:3 ?


Innate Abilities, Weirdness & Mutations

You are a tree.
Your roots penetrate the ground, keeping you stationary.
You cannot be teleported.
You are immune to unholy pain and torment.
Your maximum health is greatly increased.
Your equipment is partially melded.
You are immune to sickness and miasma.
((Your stone body is resilient. (AC +4)))
You are immune to poison.
You resist negative energy. (rN+)
((You are resistant to electric shocks. (rElec)))
You are resistant to unholy torment.
You are immune to petrification.


Message History

You hit the jelly.
Your branches burn!
The jelly is almost dead.
The jelly jiggles.
The jelly hits you but does no damage.
You hit the jelly but do no damage.
Your branches burn!
The jelly is almost dead.
You block the jelly's attack. The jelly hits you but does no damage.
You completely miss the jelly.
The jelly is almost dead.
The jelly hits you.
You are splashed with acid!
* * * LOW HITPOINT WARNING * * *
You feel very mighty all of a sudden. The jelly hits you but does no damage.
You hit the jelly.
Your branches burn!
* * * LOW HITPOINT WARNING * * *
The jelly is almost dead.
The jelly hits you but does no damage.
You sock the jelly!
You kill the jelly!
Training target 4.0 for Maces & Flails reached!
Your Maces & Flails skill increases to level 4!
You need to enable at least one skill for training.
You hit the jelly.
Your branches burn!
* * * LOW HITPOINT WARNING * * *
The jelly is lightly wounded.
The jelly hits you but does no damage. x2
You hit the jelly.
Your branches burn!
* * * LOW HITPOINT WARNING * * *
The jelly is lightly wounded.
The jelly hits you but does no damage.
You hit the jelly. The acid corrodes you!
Your branches burn!
* * * LOW HITPOINT WARNING * * *
The jelly is heavily wounded.
You block the jelly's attack.
Okay, then.
You barely miss the jelly.
The jelly is heavily wounded.
The jelly hits you but does no damage.
You hit the jelly but do no damage.
Your branches burn!
You die...

#.. ########.#
##########....÷.##.# #.#.
#####......##'.P....##.# #.#.
#.##[......#J#......##.# #.#.
##.'........#J#JPJPP.##.# #.#.
#..'........#♣#..÷.J.##.# #.#.
#..'......#'#)#PJJ.JP##.###.#.
##..##.....#.#.#......##...#.#.
#..####?...#.#.#J.PP..##.......
#)## #######.##...÷.)##.#.#.#.
###.### ### #.#.#.## ......#
####### ####.#.#.# #####.#
#.....# #.†..#.#.. #.# #...>.#
#.##.....#


You could see a jelly and an endoplasm.

Vanquished Creatures
  2 jellies (D:3)
  5 adders
  A dart slug (D:1)
  4 orcs (D:3)
  3 endoplasms
  3 goblins
  8 hobgoblins
  3 jackals (D:1)
  A quokka (D:3)
  5 ball pythons
  4 bats
  5 frilled lizards
  12 kobolds
  6 rats
62 creatures vanquished.

Vanquished Creatures (others)
  5 fungi (D:3)
  9 toadstools (D:3)
14 creatures vanquished.

Grand Total: 76 creatures vanquished

Notes
Turn   | Place    | Note
-------+----------+-------------------------------------------
     0 | D:1      | Murumi the Gargoyle Fighter began the quest for the Orb.
     0 | D:1      | Reached XP level 1. HP: 14/14 MP: 1/1
   616 | D:1      | Reached XP level 2. HP: 19/20 MP: 2/2
   883 | D:1      | Found a faded altar of an unknown god.
  1230 | D:1      | Reached XP level 3. HP: 22/24 MP: 3/3
  1728 | D:2      | Reached skill level 1 in Dodging
  2353 | D:3      | Reached XP level 4. HP: 27/29 MP: 4/4
  2623 | D:3      | Found Urukuen's Magic Scroll Boutique.
  2635 | D:3      | Reached skill level 1 in Evocations
  2693 | D:3      | Bought a scroll of identify for 28 gold pieces
  2693 | D:3      | Bought a scroll of identify for 28 gold pieces
  2874 | D:3      | Reached XP level 5. HP: 22/33 MP: 5/5
  2891 | D:3      | HP: 2/49 [acid (4)]
  2893 | D:3      | Splashed by a jelly's acid

Illustrated notes

Levels and vault maps discovered:
D:1:      dpeg_arrival_brainrot, layout_loops_ring, basic_ecumenical_altar
D:2:      layout_basic
D:3:      cheibrodos_fertilizer, layout_basic, hangedman_ru_absence,
          serial_shops, nicolae_shop_advertising_works
          [nicolae_subvault_shop_adworks]

Skill      XL: |  1  2  3  4  5 |
---------------+----------------+-----
Fighting       | 4 |  4.0
Armour         | 4 |  4.0
Dodging        | 1 |  1.0
Maces & Flails | 3 4 |  4.0
Evocations     | 1 |  1.0
Shields        | |  3.5

Action                   |  1- 3 |  4- 6 || total
-------------------------+-------+-------++-------
Melee: Flail             |   152 |   104 ||   256
  Use: Scroll            |     6 |     3 ||     9
       Potion            |       |     3 ||     3
Armor: Scale mail        |   109 |    59 ||   168
       Skin              |       |    12 ||    12
Dodge: Dodged            |    81 |    40 ||   121
Block: Buckler           |    32 |    19 ||    51

Table legend: (Time is in decaauts)
 A = Elapsed time spent in this place.
 B = Non-inter-level travel time spent in this place.
 C = Inter-level travel time spent in this place.
 D = Time resting spent in this place.
 E = Time spent auto-exploring this place.
 F = Levels seen in this place.
 G = Mean time per level.
                   A        B        C        D        E       F      G
               +--------+--------+--------+--------+--------+-----+--------+
         Total |   2977 |   2790 |    187 |      0 |   2223 |   3 |  992.3 |
       Dungeon |   2977 |   2790 |    187 |      0 |   2223 |   3 |  992.3 |
               +--------+--------+--------+--------+--------+-----+--------+

Top non-repeatable levels by time:
     D:1: 1498 daAuts
     D:2: 851 daAuts
     D:3: 628 daAuts
